TOP OF THE 1ST |
Naperville Battlekings batting - Pitching for Tortolita Drummers : RHP Michael Logan
|
Pitching: RHP Michael Logan
|
|
Batting: RHB Matt Love
|
0-0: Called Strike 0-1: Swinging Strike 0-2: Ball 1-2: SINGLE (Line Drive, 4D)
|
Batting: SHB Daryl Lloyd
|
0-0: Called Strike 0-1: Ground out 3-1 (Groundball, 34S) Matt Love to second
|
Batting: LHB Cristo Ramírez
|
0-0: Foul Ball, location: 2F 0-1: Reached on error, E6 (Groundball, 6) Matt Love scores
|
Batting: LHB Joe Cashmore
|
0-0: Called Strike Cristo Ramírez steals 3rd base 0-1: Ball 1-1: Ball 2-1: Foul Ball, location: 2F 2-2: Fly out, F7 (Flyball, 7D) Runner from 3rd tags up, SCORES, no throw
|
Batting: RHB Álex Rodríguez
|
0-0: Swinging Strike 0-1: Ball 1-1: Ball 2-1: Fly out, F2 (Popup, 2LF)
|
Top of the 1st over - 2 run(s), 1 hit(s), 1 error(s), 0 left on base; Naperville 2 - Tortolita 0 |
BOTTOM OF THE 1ST |
Tortolita Drummers batting - Pitching for Naperville Battlekings : RHP Plinio Pedrulho
|
Pitching: RHP Plinio Pedrulho
|
|
Batting: LHB Nobuo Yamashita
|
0-0: SINGLE (Line Drive, 78S)
|
Batting: SHB Dan Godwin
|
0-0: Called Strike 0-1: Ball 1-1: Called Strike 1-2: SINGLE (Line Drive, 56D) Nobuo Yamashita to second
|
Batting: LHB Pat McJannett
|
0-0: Ball 1-0: Swinging Strike 1-1: Foul Ball, location: 2F 1-2: Fly out, F6 (Popup, 6MD)
|
Batting: LHB Pedro Willis
|
0-0: Ball 1-0: Called Strike Nobuo Yamashita steals 3rd base Dan Godwin to second 1-1: Ball 2-1: Foul Ball, location: 2F 2-2: Foul Ball, location: 2F 2-2: Foul Ball, location: 2F 2-2: Strikes out looking
|
Batting: RHB Kevin Sanderson
|
0-0: Ball 1-0: Ball 2-0: Ball 3-0: Base on Balls
|
Batting: RHB Bill Taylor
|
0-0: Called Strike 0-1: Ball 1-1: Ball 2-1: Ball 3-1: SINGLE (Line Drive, 89M) Nobuo Yamashita scores Dan Godwin to third Kevin Sanderson to second Runner from 3rd tries for Home, SAFE, no throw or cutoff
|
Batting: SHB Juan Blanco
|
0-0: Ball 1-0: Fly out, F7 (Flyball, 7M)
|
Bottom of the 1st over - 2 run(s), 3 hit(s), 0 error(s), 2 left on base; Naperville 2 - Tortolita 2 |
TOP OF THE 2ND |
Naperville Battlekings batting - Pitching for Tortolita Drummers : RHP Michael Logan
|
Batting: RHB Edward Payne
|
0-0: Called Strike 0-1: DOUBLE (Line Drive, 9LM)
|
Batting: SHB Val Brown
|
0-0: Called Strike 0-1: Ball 1-1: Called Strike 1-2: Strikes out swinging
|
Batting: RHB Joe Ferneyhough
|
0-0: Ball 1-0: Called Strike 1-1: Fly out, F4 (Line Drive, 4D)
|
Batting: LHB Alfonso Martínez
|
0-0: Called Strike 0-1: Ground out 4-3 (Groundball, 4)
|
Top of the 2nd over - 0 run(s), 1 hit(s), 0 error(s), 1 left on base; Naperville 2 - Tortolita 2 |
BOTTOM OF THE 2ND |
Tortolita Drummers batting - Pitching for Naperville Battlekings : RHP Plinio Pedrulho
|
Batting: LHB Bill Burgess
|
0-0: Called Strike 0-1: Ball 1-1: SOLO HOME RUN (Flyball, 78XD), Distance : 388 ft
|
Batting: RHB Robby Thomas
|
0-0: Called Strike 0-1: Called Strike 0-2: Ball 1-2: Foul Ball, location: 2F 1-2: Foul Ball, location: 2F 1-2: Strikes out swinging
|
Batting: LHB Nobuo Yamashita
|
0-0: Called Strike 0-1: Ground out U3 (Groundball, 3)
|
Batting: SHB Dan Godwin
|
0-0: Ball 1-0: Called Strike 1-1: Ball 2-1: Swinging Strike 2-2: Strikes out looking
|
Bottom of the 2nd over - 1 run(s), 1 hit(s), 0 error(s), 0 left on base; Naperville 2 - Tortolita 3 |
TOP OF THE 3RD |
Naperville Battlekings batting - Pitching for Tortolita Drummers : RHP Michael Logan
|
Batting: RHB Matt Love
|
0-0: Called Strike 0-1: Foul Ball, location: 2F 0-2: Ball 1-2: SINGLE (Groundball, 13) (infield hit)
|
Batting: SHB Daryl Lloyd
|
0-0: Ball 1-0: Swinging Strike 1-1: Fly out, F6 (Popup, 6M)
|
Batting: LHB Cristo Ramírez
|
0-0: Fielders Choice at 2nd, 3-6 (Groundball, 3)
|
Batting: LHB Joe Cashmore
|
0-0: DOUBLE (Flyball, 78D) Cristo Ramírez to third
|
Batting: RHB Álex Rodríguez
|
0-0: Ground out 5-3 (Groundball, 5S)
|
Top of the 3rd over - 0 run(s), 2 hit(s), 0 error(s), 2 left on base; Naperville 2 - Tortolita 3 |
BOTTOM OF THE 3RD |
Tortolita Drummers batting - Pitching for Naperville Battlekings : RHP Plinio Pedrulho
|
Batting: LHB Pat McJannett
|
0-0: Called Strike 0-1: Swinging Strike 0-2: Strikes out swinging
|
Batting: LHB Pedro Willis
|
0-0: Called Strike 0-1: SINGLE (Line Drive, 4MD)
|
Batting: RHB Kevin Sanderson
|
0-0: Called Strike 0-1: Fielders Choice at 2nd, 5-4 (Groundball, 56)
|
Batting: RHB Bill Taylor
|
0-0: Called Strike 0-1: Ground out 5-3 (Groundball, 5L)
|
Bottom of the 3rd over - 0 run(s), 1 hit(s), 0 error(s), 1 left on base; Naperville 2 - Tortolita 3 |
TOP OF THE 4TH |
Naperville Battlekings batting - Pitching for Tortolita Drummers : RHP Michael Logan
|
Batting: RHB Edward Payne
|
0-0: Called Strike 0-1: Ball 1-1: Ball 2-1: Ball 3-1: Foul Ball, location: 2F 3-2: Foul Ball, location: 2F 3-2: SINGLE (Line Drive, 34D)
|
Batting: SHB Val Brown
|
0-0: Ball Passed Ball! Edward Payne to second 1-0: Called Strike 1-1: Foul Ball, location: 2F 1-2: SINGLE (Line Drive, 9S) Edward Payne to third
|
Batting: RHB Joe Ferneyhough
|
0-0: Swinging Strike 0-1: Ball 1-1: Grounds into double play, 4-6-3 (Groundball, 4) Edward Payne scores
|
Batting: LHB Alfonso Martínez
|
0-0: Ground out U3 (Groundball, 3)
|
Top of the 4th over - 1 run(s), 2 hit(s), 0 error(s), 0 left on base; Naperville 3 - Tortolita 3 |
BOTTOM OF THE 4TH |
Tortolita Drummers batting - Pitching for Naperville Battlekings : RHP Plinio Pedrulho
|
Batting: SHB Juan Blanco
|
0-0: Ball 1-0: Ball 2-0: SINGLE (Groundball, 34D)
|
Batting: LHB Bill Burgess
|
0-0: Ball 1-0: Fly out, F9 (Flyball, 9M)
|
Batting: RHB Robby Thomas
|
0-0: Foul Ball, location: 2F 0-1: SINGLE (Line Drive, 5D) Juan Blanco to second
|
Batting: LHB Nobuo Yamashita
|
0-0: Called Strike Juan Blanco is caught stealing 3rd base Robby Thomas to second 0-1: Called Strike 0-2: Strikes out swinging
|
Bottom of the 4th over - 0 run(s), 2 hit(s), 0 error(s), 1 left on base; Naperville 3 - Tortolita 3 |
TOP OF THE 5TH |
Naperville Battlekings batting - Pitching for Tortolita Drummers : RHP Michael Logan
|
Batting: RHB Matt Love
|
0-0: Foul Ball, location: 2F 0-1: Ball 1-1: Ball 2-1: Ball 3-1: SINGLE (Groundball, 6D)
|
Batting: SHB Daryl Lloyd
|
0-0: Bunted foul 0-1: Ball 1-1: Sac Bunt - play at first, batter OUT! 1-4 Matt Love to second
|
Batting: LHB Cristo Ramírez
|
0-0: Ball Matt Love is caught stealing 3rd base 1-0: Swinging Strike 1-1: Swinging Strike 1-2: Ball 2-2: Ball 3-2: Ground out 3-5 (Groundball, 3L)
|
Top of the 5th over - 0 run(s), 1 hit(s), 0 error(s), 0 left on base; Naperville 3 - Tortolita 3 |
BOTTOM OF THE 5TH |
Tortolita Drummers batting - Pitching for Naperville Battlekings : RHP Plinio Pedrulho
|
Batting: SHB Dan Godwin
|
0-0: Ball 1-0: SINGLE (Groundball, 34D)
|
Batting: LHB Pat McJannett
|
0-0: Ball 1-0: Called Strike 1-1: Ball 2-1: Fly out, F8 (Flyball, 8RM)
|
Batting: LHB Pedro Willis
|
0-0: Ball 1-0: Ball 2-0: Foul Ball, location: 2F 2-1: Swinging Strike 2-2: Strikes out swinging
|
Batting: RHB Kevin Sanderson
|
0-0: Ball 1-0: TRIPLE (Groundball, 5L) Dan Godwin scores
|
Batting: RHB Bill Taylor
|
0-0: Called Strike 0-1: Ball 1-1: Fly out, F9 (Popup, 9S)
|
Bottom of the 5th over - 1 run(s), 2 hit(s), 0 error(s), 1 left on base; Naperville 3 - Tortolita 4 |
TOP OF THE 6TH |
Naperville Battlekings batting - Pitching for Tortolita Drummers : RHP Michael Logan
|
Batting: LHB Joe Cashmore
|
0-0: Called Strike 0-1: Called Strike 0-2: Foul Ball, location: 2F 0-2: Foul Ball, location: 2F 0-2: Strikes out swinging
|
Batting: RHB Álex Rodríguez
|
0-0: Ball 1-0: Ball 2-0: Ground out 5-3 (Groundball, 5)
|
Batting: RHB Edward Payne
|
0-0: Fly out, F8 (Flyball, 8RM)
|
Top of the 6th over - 0 run(s), 0 hit(s), 0 error(s), 0 left on base; Naperville 3 - Tortolita 4 |
BOTTOM OF THE 6TH |
Tortolita Drummers batting - Pitching for Naperville Battlekings : RHP Plinio Pedrulho
|
Batting: SHB Juan Blanco
|
0-0: Called Strike 0-1: Swinging Strike 0-2: Strikes out looking
|
Batting: LHB Bill Burgess
|
0-0: Ball 1-0: Foul Ball, location: 2F 1-1: Swinging Strike 1-2: Foul Ball, location: 2F 1-2: Ball 2-2: Fly out, F8 (Flyball, 8RM)
|
Batting: RHB Robby Thomas
|
0-0: Ball 1-0: Swinging Strike 1-1: Ball 2-1: DOUBLE (Flyball, 89XD)
|
Batting: LHB Nobuo Yamashita
|
0-0: Ball 1-0: Ball 2-0: Ball 3-0: Base on Balls
|
Batting: SHB Dan Godwin
|
0-0: SINGLE (Line Drive, 9LS) Robby Thomas to third Nobuo Yamashita to second Throwing error, E9 Robby Thomas scores Nobuo Yamashita to third Dan Godwin to second
|
Batting: LHB Pat McJannett
|
0-0: Ball 1-0: Ball 2-0: Ball 3-0: Called Strike 3-1: Base on Balls
|
Batting: LHB Pedro Willis
|
0-0: Called Strike 0-1: Ball 1-1: Foul Ball, location: 2F 1-2: Ball 2-2: Ball 3-2: Base on Balls Nobuo Yamashita scores Dan Godwin to third Pat McJannett to second
|
Pitching: RHP David Francisco
|
|
Batting: RHB Kevin Sanderson
|
0-0: Swinging Strike 0-1: Ball 1-1: Swinging Strike 1-2: Ball 2-2: Strikes out looking
|
Bottom of the 6th over - 2 run(s), 2 hit(s), 1 error(s), 3 left on base; Naperville 3 - Tortolita 6 |
TOP OF THE 7TH |
Naperville Battlekings batting - Pitching for Tortolita Drummers : RHP Michael Logan
|
Batting: SHB Val Brown
|
0-0: Called Strike 0-1: Foul Ball, location: 2F 0-2: Ball 1-2: Strikes out swinging
|
Batting: RHB Joe Ferneyhough
|
0-0: Swinging Strike 0-1: Ball 1-1: Called Strike 1-2: Ball 2-2: Ball 3-2: Strikes out swinging
|
Batting: LHB Alfonso Martínez
|
0-0: Ball 1-0: Swinging Strike 1-1: Foul Ball, location: 2F 1-2: SINGLE (Line Drive, 8RS)
|
Batting: RHB Matt Love
|
0-0: Ball 1-0: Fly out, F5 (Popup, 5S)
|
Top of the 7th over - 0 run(s), 1 hit(s), 0 error(s), 1 left on base; Naperville 3 - Tortolita 6 |
BOTTOM OF THE 7TH |
Tortolita Drummers batting - Pitching for Naperville Battlekings : RHP David Francisco
|
Batting: RHB Bill Taylor
|
0-0: Called Strike 0-1: Foul Ball, location: 2F 0-2: Ball 1-2: Ball 2-2: TRIPLE (Flyball, 9LD)
|
Batting: SHB Juan Blanco
|
0-0: Foul Ball, location: 2F 0-1: Swinging Strike 0-2: Foul Ball, location: 2F 0-2: Fly out, F8 (Line Drive, 8LM)
|
Batting: LHB Bill Burgess
|
0-0: SINGLE (Groundball, 3L) Bill Taylor scores
|
Batting: RHB Robby Thomas
|
0-0: 2-RUN HOME RUN (Flyball, 8LXD), Distance : 439 ft
|
Pitching: LHP Dusty Muhidini
|
|
Batting: LHB Nobuo Yamashita
|
0-0: Called Strike 0-1: Ball 1-1: Ball 2-1: Fly out, F6 (Line Drive, 6M)
|
Batting: SHB Dan Godwin
|
0-0: SINGLE (Line Drive, 9S)
|
Batting: LHB Pat McJannett
|
0-0: Swinging Strike 0-1: Fly out, F8 (Flyball, 8LS)
|
Bottom of the 7th over - 3 run(s), 4 hit(s), 0 error(s), 1 left on base; Naperville 3 - Tortolita 9 |
TOP OF THE 8TH |
Naperville Battlekings batting - Pitching for Tortolita Drummers : RHP Michael Logan
|
Now at C: Raúl Andrade
|
|
Now in CF: Mauro López
|
|
Batting: SHB Daryl Lloyd
|
0-0: Foul Ball, location: 2F 0-1: Foul Ball, location: 2F 0-2: Fly out, F9 (Flyball, 9M)
|
Batting: LHB Cristo Ramírez
|
0-0: Ball 1-0: Ball 2-0: Ball 3-0: Called Strike 3-1: Ground out 4-3 (Groundball, 13)
|
Batting: LHB Joe Cashmore
|
0-0: Ball 1-0: Ball 2-0: Called Strike 2-1: Foul Ball, location: 2F 2-2: SINGLE (Groundball, 34)
|
Pitching: RHP Lou Lowry
|
|
Batting: RHB Álex Rodríguez
|
0-0: Ball Wild Pitch! Joe Cashmore to second 1-0: Called Strike 1-1: Ball 2-1: Ball 3-1: DOUBLE (Flyball, 78D) Joe Cashmore scores
|
Batting: RHB Edward Payne
|
0-0: Called Strike 0-1: Swinging Strike 0-2: Strikes out swinging
|
Top of the 8th over - 1 run(s), 2 hit(s), 0 error(s), 1 left on base; Naperville 4 - Tortolita 9 |
BOTTOM OF THE 8TH |
Tortolita Drummers batting - Pitching for Naperville Battlekings : LHP Dusty Muhidini
|
Batting: LHB Pedro Willis
|
0-0: Ball 1-0: Ball 2-0: Ball 3-0: Called Strike 3-1: Base on Balls
|
Batting: RHB Kevin Sanderson
|
0-0: SINGLE (Groundball, 4MD) Pedro Willis to second Runner from 2nd tries for 3rd, SAFE, throw made to third
|
Batting: RHB Bill Taylor
|
0-0: Called Strike 0-1: Swinging Strike 0-2: Grounds into double play, U6-3 (Groundball, 6M) Pedro Willis scores
|
Batting: SHB Juan Blanco
|
0-0: Called Strike 0-1: Ball 1-1: Ball 2-1: Fly out, F4 (Line Drive, 4)
|
Bottom of the 8th over - 1 run(s), 1 hit(s), 0 error(s), 0 left on base; Naperville 4 - Tortolita 10 |
TOP OF THE 9TH |
Naperville Battlekings batting - Pitching for Tortolita Drummers : RHP Lou Lowry
|
Now at 3B: Jorge Féliz
|
|
Now at SS: Gonzalo Féliz
|
|
Batting: SHB Val Brown
|
0-0: Foul Ball, location: 2F 0-1: Called Strike 0-2: Strikes out swinging
|
Batting: RHB Joe Ferneyhough
|
0-0: Called Strike 0-1: Ball 1-1: Called Strike 1-2: Fly out, F8 (Flyball, 8LM)
|
Batting: LHB Alfonso Martínez
|
0-0: SINGLE (Groundball, 4MD)
|
Batting: RHB Matt Love
|
0-0: Fielders Choice at 2nd, 6-4 (Groundball, 6)
|
Top of the 9th over - 0 run(s), 1 hit(s), 0 error(s), 0 left on base; Naperville 4 - Tortolita 10 |
|